 Dungeon Crawl Stone Soup version 0.26-a0-537-g96b2eae49b (webtiles) character file.

Game seed: 9708902658602076564

0 MrRokkomies the Magician (level 1, 16/16 HPs)
             Began as a Demigod Wanderer on Aug 14, 2020.
             Quit the game on level 1 of the Dungeon.
             The game lasted 00:00:22 (115 turns).

MrRokkomies the Magician (Demigod Wanderer)          Turns: 115, Time: 00:00:22

Health: 16/16      AC:  2    Str: 17    XL:     1   Next: 6%
Magic:  7/7        EV: 11    Int: 13    God:
Gold:   0          SH:  0    Dex: 16    Spells: 7/7 levels left

rFire    . . .     SeeInvis .   a - +2 dagger
rCold    . . .     Faith    .   (no shield)
rNeg     . . .     Spirit   .   e - +0 robe
rPois    .         Reflect  .   (no helmet)
rElec    .         Harm     .   (no cloak)
rCorr    .                      (no gloves)
MR       .....                  (no boots)
Stlth    ++........             (no amulet)
HPRegen  0.05/turn              (no ring)
MPRegen  0.10/turn              (no ring)

@: no status effects
A: high mp 1
a: no special abilities


You were on level 1 of the Dungeon.
You visited 1 branch of the dungeon, and saw 1 of its levels.

Inventory:

Hand Weapons
 a - a +2 dagger (weapon)
Armour
 e - a +0 robe (worn)
Potions
 b - a potion of berserk rage


   Skills:
 + Level 1.0 Fighting
   Level 1.0 Staves
 + Level 1.0 Throwing
 + Level 1.7 Stealth
 + Level 3.6 Spellcasting
   Level 1.0 Transmutations


You had 7 spell levels left.
You didn't know any spells.
Your spell library contained the following spells:

 Spells                   Type           Power        Failure   Level
 Beastly Appendage        Tmut           #.....       14%         1
 Foxfire                  Conj/Fire      #...         22%         1
 Ignite Poison            Fire/Tmut/Pois #.......     50%         3
 Inner Flame              Hex/Fire       #.......     54%         3


Dungeon Overview and Level Annotations

Branches:
Dungeon (1/15)


Innate Abilities, Weirdness & Mutations

You have an increased reservoir of magic. (+10% MP)


Message History

The ball python hisses angrily.
You barely miss the ball python. The ball python misses you.
The ball python barely misses you. The ball python bites you.
The ball python grabs you. The ball python constricts you.
You hit the ball python.
You kill the ball python!
No target in view!
No target in view!
HP restored.
You see here a ball python corpse.
You open the door.
There is an open door here.
A ball python comes into view.
A ball python comes into view.
The ball python hisses angrily.
The ball python barely misses you. The ball python closely misses you.
Unknown command.
Quiver which item? (- for none, * to show all) (? for menu, Esc to quit)
Okay, then.
Are you sure you want to abandon this character and quit the game? (Confirm with "yes".)

... # ....... ....# .
...... #.#.. #.#..#.#
#.#.# .
#.#.$#.###.#.#########
................†......
#.#..#.###.#.####....#
.##...S....#.#.####.##.#
......S@.......##.......
.......###.#...#..##'###
.##.##.###'#.....##....(
# #..........##.#####
....#....#..##.##....
.##.#....#..#.##.####
#.###+##..#.#.##.#. ..
#..# #.#.### ..# #.#.'<#


You could see 2 ball pythons.

Vanquished Creatures
  A ball python (D:1)
1 creature vanquished.

Notes
Turn   | Place    | Note
-------+----------+-------------------------------------------
     0 | D:1      | MrRokkomies the Demigod Wanderer began the quest for the
                  | Orb.
     0 | D:1      | MrRokkomies set off with the following items: a +2 dagger,
                  | a potion of berserk rage, a +0 robe; and the following
                  | spells available to memorise: Beastly Appendage, Foxfire,
                  | Ignite Poison, Inner Flame
     0 | D:1      | Reached XP level 1. HP: 16/16 MP: 7/7
   115 | D:1      | Quit the game

Illustrated notes

Levels and vault maps discovered:
D:1:      evilmike_arrival_rings, layout_basic

Action                   || total
-------------------------++-------
Melee: Dagger            ||     2
Dodge: Dodged            ||     4

Table legend: (Time is in decaauts)
 A = Elapsed time spent in this place.
 B = Non-inter-level travel time spent in this place.
 C = Inter-level travel time spent in this place.
 D = Time resting spent in this place.
 E = Time spent auto-exploring this place.
 F = Levels seen in this place.
 G = Mean time per level.
                   A        B        C        D        E       F      G
               +--------+--------+--------+--------+--------+-----+--------+
         Total |    115 |    115 |      0 |      0 |    107 |   1 |  115.0 |
       Dungeon |    115 |    115 |      0 |      0 |    107 |   1 |  115.0 |
               +--------+--------+--------+--------+--------+-----+--------+

Top non-repeatable levels by time:
     D:1: 115 daAuts
